 Dungeon Crawl Stone Soup version 0.21.0 (console) character file.

38189 Rjs the Cruncher (level 14, -2/112 HPs)
             Began as a Gnoll Wanderer on Jan 5, 2018.
             Was a High Priest of Elyvilon.
             Slain by a mana viper (21 damage)
             ... on level 1 of the Snake Pit on Jan 6, 2018.
             The game lasted 01:48:48 (18724 turns).

Rjs the Cruncher (Gnoll Wanderer)                  Turns: 18724, Time: 01:48:48

Health: -2/112     AC: 14    Str: 17    XL:     14   Next: 1%
Magic:  14/35      EV: 18    Int: 16    God:    Elyvilon [*****.]
Gold:   1384       SH:  0    Dex: 24    Spells: 26/30 levels left

rFire    . . .     SeeInvis .   a - +3 quarterstaff
rCold    . . .     Gourm    .   (shield currently unavailable)
rNeg     . . .     Faith    .   F - +2 robe {MR+}
rPois    .         Spirit   .   M - +0 helmet
rElec    .         Reflect  .   p - +0 cloak
rCorr    .         Harm     +   C - +2 pair of gloves {Dex+3}
MR       ++...                  (no boots)
Stlth    ++++++....             y - amulet "Qyxzotu" {Harm *Drain *Slow rPois MP+9 Stlth+}
HPRegen  0.28/turn              L - +3 ring of dexterity
MPRegen  0.24/turn              Q - +2 ring of protection

@: lethally poisoned (-2 -> -3), poison vulnerable, constricted
A: distributed training, fangs 1, rugged brown scales 1, strong 1, wild magic 1,
strong nose
a: Lesser Healing, Heal Other, Purification, Greater Healing, Divine Vigour,
Divine Protection, Renounce Religion


You were on level 1 of the Snake Pit.
You worshipped Elyvilon.
Elyvilon was extremely pleased with you.
You were not hungry.

You visited 4 branches of the dungeon, and saw 19 of its levels.
You also visited: Ice Cave.

You collected 1546 gold pieces.
You spent 162 gold pieces at shops.

Inventory:

Hand Weapons
 a - a +3 quarterstaff (weapon)
 b - a +1 scimitar of flaming
 v - a +2 trident of freezing
 w - a +4 battleaxe
 B - a +0 shortbow
 K - a +0 antimagic scimitar
Missiles
 s - 6 tomahawks (quivered)
 A - 238 arrows
Armour
 c - a +0 large shield
 p - a +0 cloak (worn)
 C - a +2 pair of gloves of dexterity (worn)
 F - a +2 robe of magic resistance (worn)
 I - a +3 plate armour
 M - a +0 helmet (worn)
Jewellery
 l - an uncursed amulet of faith
 o - an uncursed ring of protection from cold
 y - the amulet "Qyxzotu" (around neck) {Harm *Drain *Slow rPois MP+9 Stlth+}
   (You acquired it on level 9 of the Dungeon)

   [amulet of harm]

   It increases damage dealt and taken.
   It protects you from poison.
   It affects your magic capacity (+9).
   It causes draining when unequipped.
   It may slow you when you take damage.
   It makes you more stealthy.
 L - a +3 ring of dexterity (left hand)
 Q - a +2 ring of protection (right hand)
 R - an uncursed ring of protection from cold
Wands
 k - a wand of digging (22)
 u - a wand of flame (31)
 D - a wand of paralysis (13)
Scrolls
 h - a scroll of fog
 i - 3 scrolls of amnesia
 j - a scroll of blinking
 n - 7 scrolls of remove curse
 q - 3 scrolls of teleportation
 r - a scroll of enchant armour
 x - 18 scrolls of identify
 H - 2 scrolls of enchant weapon
 T - a scroll of immolation
 U - a scroll of fear
Potions
 f - 2 potions of flight
 g - 3 potions of mutation
 z - 2 potions of cancellation
 O - a potion of heal wounds
 P - a potion of ambrosia
Books
 E - a book of Cantrips

   Spells                             Type                      Level
   a - Confusing Touch                Hexes                        1
   b - Animate Skeleton               Necromancy                   1
   c - Summon Small Mammal            Summoning                    1
   d - Apportation                    Translocation                1
 J - the Volume of Darkness and Enhancements
   (You found it on level 2 of the Lair of Beasts)

   Spells                             Type                      Level
   a - Spectral Weapon                Hexes/Charms                 3
   b - Vampiric Draining              Necromancy                   3
   c - Simulacrum                     Ice/Necromancy               6
   d - Ring of Flames                 Charms/Fire                  7
 N - a book of Summonings

   Spells                             Type                      Level
   a - Recall                         Summoning/Translocation      3
   b - Aura of Abjuration             Summoning                    5
   c - Summon Demon                   Summoning                    5
   d - Summon Forest                  Summoning/Translocation      5
   e - Summon Mana Viper              Hexes/Summoning              5
   f - Shadow Creatures               Summoning                    6
Miscellaneous
 G - a fan of gales (inert)
Comestibles
 d - 16 rations


   Skills:
 + Level 9.8 Fighting
 + Level 8.6 Short Blades
 + Level 8.6 Long Blades
 + Level 8.6 Axes
 + Level 9.1 Maces & Flails
 + Level 8.6 Polearms
 + Level 10.7 Staves
 + Level 8.6 Slings
 + Level 8.6 Bows
 + Level 8.6 Crossbows
 + Level 8.6 Throwing
 + Level 9.1 Armour
 + Level 9.1 Dodging
 + Level 9.0 Stealth
 + Level 9.1 Shields
 + Level 8.6 Unarmed Combat
 + Level 8.6 Spellcasting
 + Level 7.2 Conjurations
 + Level 7.2 Hexes
 + Level 7.2 Charms
 + Level 7.2 Summonings
 + Level 7.2 Necromancy
 + Level 7.2 Translocations
 + Level 7.2 Transmutations
 + Level 7.2 Fire Magic
 + Level 7.2 Ice Magic
 + Level 7.2 Air Magic
 + Level 7.2 Earth Magic
 + Level 7.2 Poison Magic
 + Level 9.4 Invocations
 + Level 8.6 Evocations


You had 26 spell levels left.
You knew the following spells:

 Your Spells              Type           Power        Failure   Level  Hunger
a - Spectral Weapon       Hex/Chrm       #####...     3%          3    #......
b - Apportation           Tloc           #####.       1%          1    None


Dungeon Overview and Level Annotations

Branches:
Dungeon (10/15)            Temple (0/1) D:4            Lair (6/6) D:9
  Swamp (0/4) Lair:2        Snake (1/4) Lair:3          Orc (2/2) D:9
  Slime: Lair:5-6       Elf: Orc:2

Altars:
Ashenzari
Cheibriados
Elyvilon
Fedhas
Gozag
Kikubaaqudgha
Makhleb
Nemelex Xobeh
Okawaru
Qazlal
Uskayaw
Wu Jian
Xom
Yredelemnul
Zin
Beogh

Shops:
D:4 ?

Annotations:
D:9 exclusion: 2 downstairs
D:10 exclusion: 3 doors, MovingMist's ghost, journeyman GrFi; Snorg


Innate Abilities, Weirdness & Mutations

Your experience applies equally to all skills.
You have very sharp teeth.
Your uncanny sense of smell can sniff out nearby items.
You are partially covered in rugged brown scales. (AC +1, +3% HP)
Your muscles are strong. (Str +2)
Your spells are a little harder to cast, but a little more powerful.


Message History

You closely miss the naga ritualist.
The naga ritualist is moderately wounded.
You feel sick. The mana viper misses you.
The naga ritualist closely misses you.
* * * LOW HITPOINT WARNING * * *
The naga ritualist constricts you. The black mamba barely misses you.
You hit the naga ritualist.
The naga ritualist is heavily wounded.
You feel sick. The black mamba bites you!
* * * LOW HITPOINT WARNING * * *
You are lethally poisoned!
The black mamba poisons you! The mana viper barely misses you.
The naga ritualist mumbles some strange words.
The naga ritualist begins to radiate toxic energy.
The naga ritualist constricts you.
You feel better.
* * * LOW HITPOINT WARNING * * *
You are poisoned.
The black mamba closely misses you. The mana viper bites you!!
You die...

..# #..## #....
#... #...# ...##
# #†S## .# #@S##
..# ##N.###..# .
##......# #.#
##.....##
#..#####..##...#
##....#..S## ..#
#...N....## ..#
.###....# ..#
#....# ..


You could see a naga ritualist, a mana viper and a black mamba.

Vanquished Creatures
  3 hydras
  An anaconda (Snake:1)
  3 two-headed ogres
  Erica (Orc:1)
  6 death yaks (Lair:5)
  Nergalle (Orc:1)
  A lindwurm (Lair:5)
  An ugly thing (IceCv)
  An orc sorcerer (Orc:1)
  4 elephants (Lair:4)
  3 black mambas
  12 spiny frogs
  8 komodo dragons
  A rime drake (Lair:5)
  A polar bear (Lair:4)
  2 trolls (D:9)
  A tyrant leech (Lair:6)
  2 blink frogs (Lair:6)
  4 hippogriffs
  Sigmund (D:3)
  31 yaks
  2 wyverns
  5 vampire mosquitoes
  Menkaure (D:5)
  6 water moccasins
  4 nagas (Lair:3)
  Duvessa (D:7)
  5 porcupines
  16 ice beasts
  8 orc warriors
  A sky beast (D:7)
  A phantom (D:8)
  5 ogres
  5 centaurs
  16 wolves
  14 crocodiles
  A big kobold (D:9)
  18 bullfrogs
  Dowan (D:7)
  2 scorpions
  15 killer bees (D:9)
  6 wights
  A howler monkey (D:5)
  3 bullfrog zombies
  A centaur zombie (D:9)
  6 crimson imps
  4 hounds (D:9)
  2 bullfrog skeletons
  3 human zombies (D:7)
  7 orc priests
  A centaur skeleton (D:5)
  2 jellies
  Crazy Yiuf (D:3)
  An iguana (D:5)
  3 worker ants
  16 orc wizards
  A human skeleton (D:7)
  A killer bee zombie (D:8)
  An ogre zombie (D:7)
  2 hound skeletons
  3 mummies (D:7)
  2 gnolls
  5 adders
  A howler monkey skeleton (D:7)
  2 shadow imps
  An ooze (D:1)
  An adder skeleton (D:8)
  4 worms
  4 leopard geckos
  37 orcs
  A ball python (D:1)
  5 giant cockroaches
  5 goblins
  9 hobgoblins
  10 jackals
  A quokka (D:8)
  7 bats
  5 frilled lizards
  A jackal skeleton (D:5)
  A jackal zombie (D:5)
  10 kobolds
  An orc skeleton (D:7)
  2 orc zombies (D:7)
  4 rats
399 creatures vanquished.

Vanquished Creatures (collateral kills)
  An elephant (Lair:4)
  A spiny frog (Lair:6)
  A queen bee (D:9)
  A troll (Orc:1)
  A blink frog (Lair:6)
  An orc warrior (D:9)
  2 ogres (Orc:1)
  2 orc priests (Orc:1)
  An orc wizard (Orc:1)
  A gnoll (Orc:1)
  8 orcs
20 creatures vanquished.

Vanquished Creatures (others)
  An orc knight (Orc:1)
  Grum (D:9)
  2 orc warriors (Orc:1)
  A gnoll (Orc:1)
  28 fungi
  54 plants
  11 spectral weapons
98 creatures vanquished.

Grand Total: 517 creatures vanquished

Notes
Turn   | Place    | Note
-------+----------+-------------------------------------------
     0 | D:1      | Rjs the Gnoll Wanderer began the quest for the Orb.
     0 | D:1      | Rjs set off with: a +2 quarterstaff, a +0 ring mail, a scroll of teleportation, a ration
     0 | D:1      | Reached XP level 1. HP: 20/20 MP: 1/1
    79 | D:1      | Reached XP level 2. HP: 21/26 MP: 2/2
   221 | D:1      | Reached XP level 3. HP: 31/31 MP: 3/3
   723 | D:2      | Reached skill level 1 in Invocations
   798 | D:2      | Found a blossoming altar of Fedhas.
   839 | D:2      | Found a faded altar of an unknown god.
   858 | D:2      | Became a worshipper of Elyvilon the Healer
   858 | D:2      | Reached * piety under Elyvilon
   931 | D:2      | Reached skill level 1 in Short Blades
   931 | D:2      | Reached skill level 1 in Long Blades
   931 | D:2      | Reached skill level 1 in Axes
   931 | D:2      | Reached skill level 1 in Polearms
   931 | D:2      | Reached skill level 1 in Slings
   931 | D:2      | Reached skill level 1 in Bows
   931 | D:2      | Reached skill level 1 in Crossbows
   931 | D:2      | Reached skill level 1 in Throwing
   931 | D:2      | Reached skill level 1 in Unarmed Combat
   931 | D:2      | Reached skill level 1 in Spellcasting
   931 | D:2      | Reached skill level 1 in Evocations
  1086 | D:2      | Reached XP level 4. HP: 37/38 MP: 5/5
  1230 | D:2      | Found an ornate altar of the Wu Jian Council.
  1300 | D:3      | Noticed Sigmund
  1305 | D:3      | Found a shattered altar of Ashenzari.
  1342 | D:3      | Killed Sigmund
  1342 | D:3      | Reached skill level 1 in Conjurations
  1342 | D:3      | Reached skill level 1 in Hexes
  1342 | D:3      | Reached skill level 1 in Charms
  1342 | D:3      | Reached skill level 1 in Summonings
  1342 | D:3      | Reached skill level 1 in Necromancy
  1342 | D:3      | Reached skill level 1 in Translocations
  1342 | D:3      | Reached skill level 1 in Transmutations
  1342 | D:3      | Reached skill level 1 in Fire Magic
  1342 | D:3      | Reached skill level 1 in Ice Magic
  1342 | D:3      | Reached skill level 1 in Air Magic
  1342 | D:3      | Reached skill level 1 in Earth Magic
  1342 | D:3      | Reached skill level 1 in Poison Magic
  1342 | D:3      | Reached XP level 5. HP: 12/43 MP: 5/7
  1428 | D:3      | Reached ** piety under Elyvilon
  1532 | D:3      | Found an iron altar of Okawaru.
  1538 | D:3      | Reached XP level 6. HP: 50/50 MP: 8/8
  1578 | D:3      | Found a runed door.
  2013 | D:3      | Noticed Crazy Yiuf
  2017 | D:3      | Paralysed by Crazy Yiuf for 2 turns
  2023 | D:3      | Killed Crazy Yiuf
  2092 | D:4      | Found a snail-covered altar of Cheibriados.
  2099 | D:4      | Found an ancient bone altar of Kikubaaqudgha.
  2104 | D:4      | Found a burning altar of Makhleb.
  2482 | D:4      | Found a shimmering altar of Xom.
  2486 | D:4      | Found a staircase to the Ecumenical Temple.
  2508 | D:4      | Found Ekhyiku's Magic Scroll Shoppe.
  2516 | D:4      | Bought a scroll of remove curse for 39 gold pieces
  2516 | D:4      | Bought a scroll of blinking for 97 gold pieces
  2516 | D:4      | Bought a scroll of identify for 26 gold pieces
  2619 | D:4      | Found a stormy altar of Qazlal.
  2736 | D:4      | Reached *** piety under Elyvilon
  3242 | D:5      | Entered Level 5 of the Dungeon
  3254 | D:5      | Reached skill level 5 in Fighting
  3673 | D:5      | Reached XP level 7. HP: 33/56 MP: 10/10
  3735 | D:5      | Reached skill level 7 in Staves
  3981 | D:5      | Noticed Menkaure
  3986 | D:5      | Gained mutation: Your muscles are strong. (Str +2) [potion of mutation]
  3986 | D:5      | Gained mutation: Your spells are a little harder to cast, but a little more powerful. [potion of mutation]
  3986 | D:5      | Gained mutation: You are partially covered in rugged brown scales. (AC +1, +3% HP) [potion of mutation]
  3992 | D:5      | Killed Menkaure
  4116 | D:5      | Reached **** piety under Elyvilon
  4169 | D:6      | Noticed a hippogriff
  4181 | D:6      | Killed a hippogriff
  4181 | D:6      | Reached XP level 8. HP: 37/64 MP: 9/12
  4722 | D:6      | Identified a scroll of acquirement
  4811 | D:6      | Found a shattered altar of Ashenzari.
  4993 | D:6      | Found an opulent altar of Gozag.
  4994 | D:6      | Found a sparkling altar of Nemelex Xobeh.
  5012 | D:6      | Reached XP level 9. HP: 63/71 MP: 14/14
  5254 | D:7      | Noticed Dowan
  5260 | D:7      | Noticed Duvessa
  5273 | D:7      | Reached skill level 5 in Maces & Flails
  5273 | D:7      | Reached skill level 5 in Armour
  5273 | D:7      | Reached skill level 5 in Dodging
  5273 | D:7      | Reached skill level 5 in Shields
  5285 | D:7      | Killed Duvessa
  5287 | D:7      | Killed Dowan
  5425 | D:7      | Reached skill level 5 in Stealth
  5519 | D:7      | Reached skill level 8 in Staves
  5946 | D:7      | Reached skill level 5 in Invocations
  6030 | D:7      | Found a basalt altar of Yredelemnul.
  6362 | D:8      | Reached ***** piety under Elyvilon
  6456 | D:8      | Noticed a two-headed ogre
  6470 | D:8      | Killed a two-headed ogre
  6470 | D:8      | Reached XP level 10. HP: 63/79 MP: 15/17
  6518 | D:8      | Reached skill level 5 in Short Blades
  6518 | D:8      | Reached skill level 5 in Long Blades
  6518 | D:8      | Reached skill level 5 in Axes
  6518 | D:8      | Reached skill level 5 in Polearms
  6518 | D:8      | Reached skill level 5 in Slings
  6518 | D:8      | Reached skill level 5 in Bows
  6518 | D:8      | Reached skill level 5 in Crossbows
  6518 | D:8      | Reached skill level 5 in Throwing
  6518 | D:8      | Reached skill level 5 in Unarmed Combat
  6518 | D:8      | Reached skill level 5 in Spellcasting
  6518 | D:8      | Reached skill level 5 in Evocations
  6845 | D:8      | You fall through a shaft!
  6925 | D:9      | HP: 4/81 [yak (13)]
  6926 | D:9      | Elyvilon protects you from harm!
  6927 | D:9      | HP: 1/81 [yak (11)]
  7195 | D:9      | Got a vibrating copper amulet
  7197 | D:9      | Identified the amulet "Qyxzotu" {Harm *Drain *Slow rPois MP+9 Stlth+} (You acquired it on level 9 of the Dungeon)
  7221 | D:9      | Found a staircase to the Lair.
  7255 | Lair:1   | Entered Level 1 of the Lair of Beasts
  7342 | Lair:1   | Found a frozen archway.
  7407 | IceCv    | Entered an ice cave
  7462 | IceCv    | Noticed a white ugly thing
  7474 | IceCv    | Noticed an ice statue
  7474 | IceCv    | Noticed an ice statue
  7497 | IceCv    | Killed a white ugly thing
  7907 | Lair:1   | Noticed a black mamba
  7924 | Lair:1   | Killed a black mamba
  7924 | Lair:1   | Reached XP level 11. HP: 61/86 MP: 19/19
  8257 | Lair:1   | Reached skill level 9 in Staves
  8676 | D:9      | Reached skill level 5 in Conjurations
  8676 | D:9      | Reached skill level 5 in Hexes
  8676 | D:9      | Reached skill level 5 in Charms
  8676 | D:9      | Reached skill level 5 in Summonings
  8676 | D:9      | Reached skill level 5 in Necromancy
  8676 | D:9      | Reached skill level 5 in Translocations
  8676 | D:9      | Reached skill level 5 in Transmutations
  8676 | D:9      | Reached skill level 5 in Fire Magic
  8676 | D:9      | Reached skill level 5 in Ice Magic
  8676 | D:9      | Reached skill level 5 in Air Magic
  8676 | D:9      | Reached skill level 5 in Earth Magic
  8676 | D:9      | Reached skill level 5 in Poison Magic
  8987 | D:9      | Noticed Grum
  9018 | D:9      | Killed Grum
  9447 | D:9      | Noticed a four-headed hydra
  9457 | D:9      | Noticed a two-headed ogre
  9599 | D:9      | Found a hide-covered altar of Uskayaw.
  9599 | D:9      | Found a glowing silver altar of Zin.
  9663 | D:9      | Killed a four-headed hydra
  9806 | D:9      | Killed a two-headed ogre
  9983 | D:9      | Found a staircase to the Orcish Mines.
 10030 | D:9      | Found a roughly hewn altar of Beogh.
 10073 | Orc:1    | Entered Level 1 of the Orcish Mines
 10244 | Orc:2    | Entered Level 2 of the Orcish Mines
 10366 | Orc:1    | Noticed Nergalle
 10430 | Orc:1    | Killed Nergalle
 10430 | Orc:1    | Reached XP level 12. HP: 65/95 MP: 22/22
 10591 | Orc:1    | Noticed Erica
 10633 | Orc:1    | Killed Erica
 11227 | D:10     | Entered Level 10 of the Dungeon
 11227 | D:10     | Noticed MovingMist's ghost (journeyman GrFi)
 11352 | D:10     | Noticed Snorg
 11352 | D:10     | Noticed a two-headed ogre
 11360 | D:10     | Killed a two-headed ogre
 12014 | Lair:2   | Identified the Volume of Darkness and Enhancements
 12020 | Lair:2   | Learned a level 3 spell: Spectral Weapon
 12446 | Lair:2   | Noticed a five-headed hydra
 12453 | Lair:2   | Killed a three-headed hydra
 12466 | Lair:2   | Found a staircase to the Swamp.
 13827 | Lair:3   | Found a staircase to the Snake Pit.
 13875 | Lair:3   | Reached skill level 10 in Staves
 14352 | Lair:4   | Reached XP level 13. HP: 89/104 MP: 24/24
 16295 | Lair:5   | Learned a level 1 spell: Apportation
 16297 | Lair:5   | Learned a level 1 spell: Confusing Touch
 17169 | Lair:6   | Entered Level 6 of the Lair of Beasts
 18032 | Lair:6   | Found an iron altar of Okawaru.
 18423 | Snake:1  | Entered Level 1 of the Snake Pit
 18717 | Snake:1  | Reached XP level 14. HP: 95/112 MP: 21/26
 18724 | Snake:1  | Slain by a mana viper

Skill      XL: |  1  2  3  4  5  6  7  8  9 10 11 12 13 |
---------------+----------------------------------------+-----
Invocations    | 1 2 3 4 5 6 7 8 9 |  9.4
Short Blades   | 1 2 3 4 5 6 7 8 |  8.6
Long Blades    | 1 2 3 4 5 6 7 8 |  8.6
Axes           | 1 2 3 4 5 6 7 8 |  8.6
Polearms       | 1 2 3 4 5 6 7 8 |  8.6
Slings         | 1 2 3 4 5 6 7 8 |  8.6
Bows           | 1 2 3 4 5 6 7 8 |  8.6
Crossbows      | 1 2 3 4 5 6 7 8 |  8.6
Throwing       | 1 2 3 4 5 6 7 8 |  8.6
Unarmed Combat | 1 2 3 4 5 6 7 8 |  8.6
Spellcasting   | 1 2 3 4 5 6 7 8 |  8.6
Evocations     | 1 2 3 4 5 6 7 8 |  8.6
Maces & Flails | 3 4 5 6 7 8 9 |  9.1
Armour         | 3 4 5 6 7 8 9 |  9.1
Dodging        | 3 4 5 6 7 8 9 |  9.1
Shields        | 3 4 5 6 7 8 9 |  9.1
Conjurations   | 1 2 3 4 5 6 7 |  7.2
Hexes          | 1 2 3 4 5 6 7 |  7.2
Charms         | 1 2 3 4 5 6 7 |  7.2
Summonings     | 1 2 3 4 5 6 7 |  7.2
Necromancy     | 1 2 3 4 5 6 7 |  7.2
Translocations | 1 2 3 4 5 6 7 |  7.2
Transmutations | 1 2 3 4 5 6 7 |  7.2
Fire Magic     | 1 2 3 4 5 6 7 |  7.2
Ice Magic      | 1 2 3 4 5 6 7 |  7.2
Air Magic      | 1 2 3 4 5 6 7 |  7.2
Earth Magic    | 1 2 3 4 5 6 7 |  7.2
Poison Magic   | 1 2 3 4 5 6 7 |  7.2
Stealth        | 3 4 5 6 7 8 9 |  9.0
Fighting       | 5 6 7 8 9 |  9.8
Staves         | 7 8 9 10 | 10.7

Action                   |  1- 3 |  4- 6 |  7- 9 | 10-12 | 13-15 || total
-------------------------+-------+-------+-------+-------+-------++-------
Melee: Quarterstaff      |    77 |   132 |   405 |   805 |   460 ||  1879
       Bite              |     4 |    14 |    59 |   147 |    92 ||   316
       War axe           |       |     2 |       |       |       ||     2
       Scimitar          |       |       |       |     2 |     6 ||     8
Throw: Tomahawk          |       |     2 |     7 |    37 |    23 ||    69
 Cast: Spectral Weapon   |       |       |       |     3 |    11 ||    14
Invok: Lesser Healing    |       |     1 |     2 |    15 |     7 ||    25
       Heal Other        |       |       |     4 |     3 |     2 ||     9
       Greater Healing   |       |       |       |     6 |     9 ||    15
       Purification      |       |       |       |     1 |     2 ||     3
Evoke: Wand              |       |       |       |    24 |       ||    24
       Sack of spiders   |       |       |       |     7 |       ||     7
       Fan of gales      |       |       |       |     1 |     1 ||     2
       Box of beasts     |       |       |       |       |     1 ||     1
  Use: Scroll            |     3 |     6 |     2 |    16 |     4 ||    31
       Potion            |       |     7 |     3 |     7 |     4 ||    21
 Stab: Sleeping          |     1 |     1 |    11 |    11 |     4 ||    28
       Distracted        |       |       |       |     4 |     2 ||     6
       Paralysed         |       |       |       |     1 |       ||     1
  Eat: Chunk             |     1 |     4 |    10 |     9 |     9 ||    33
       Ration            |       |     1 |     1 |     6 |     4 ||    12
Armor: Ring mail         |    17 |    55 |   152 |    91 |       ||   315
       Skin              |       |       |    17 |       |       ||    17
       Troll leather arm |       |       |       |    48 |       ||    48
       Robe              |       |       |       |    64 |    37 ||   101
       Plate armour      |       |       |       |       |   141 ||   141
Dodge: Dodged            |    46 |    63 |   230 |   701 |   302 ||  1342
       Rpst.: Scimitar   |       |       |       |     1 |     1 ||     2
